General information
- name: Partida local (kodachi)
- type: Custom game
- host: kodachi
- saver: badmotherfucker
map: ShrineOfTheAncients
- players: 2
- length: 20:34
- speed: Fast
- version: 1.26 W3XP
- replay type: Public
» download(104 KB)
Players
team 1 (winner)
kodachi (
red | 51 APM | 1046 actions | 20:19)
3 Death Knight
1 Death Coil
2 Death Pact
1 Lich
1 Frost Nova
» actions
| Assign group hotkey | 11 | |
| Build / train | 60 | |
| Enter build submenu | 26 | |
| Enter hero's abilities submenu | 4 | |
| Give item / drop item | 2 | |
| Remove unit from queue | 8 | |
| Right click | 572 | |
| Select / deselect | 268 | |
| Select group hotkey | 41 | |
| Use ability | 51 | |
1046 total
» units
| Acolyte | 10 | |
| Ghoul | 5 | |
| Crypt Fiend | 6 | |
| Obsidian Statue | 1 | |
| Abomination | 6 | |
| Necromancer | 2 | |
30 total
» upgrades
| Creature Attack | 1 | |
| Burrow | 1 | |
| Disease Cloud | 1 | |
| Unholy Strength | 0 | |
| Cannibalize | 1 | |
4 total
» buildings
| Altar of Darkness | 1 | |
| Ziggurat | 7 | |
| Graveyard | 1 | |
| Tomb of Relics | 1 | |
| Nerubian Tower | 2 | |
| Crypt | 1 | |
| Spirit Tower | 5 | |
| Halls of the Dead | 1 | |
| Slaughterhouse | 4 | |
| Black Citadel | 1 | |
| Temple of the Damned | 1 | |
| Sacrificial Pit | 1 | |
26 total
» build order
00:10 Altar of Darkness
00:15 Ziggurat
00:27 Graveyard
01:04 Tomb of Relics
01:09 Nerubian Tower
01:22 Ziggurat
01:41 Crypt
02:14 Ziggurat
02:42 Spirit Tower
03:48 Spirit Tower
04:12 Ziggurat
05:23 Halls of the Dead
05:49 Spirit Tower
07:48 Slaughterhouse
09:26 Black Citadel
09:59 Slaughterhouse
10:02 Ziggurat
10:16 Ziggurat
11:31 Spirit Tower
11:36 Ziggurat
11:50 Spirit Tower
12:05 Temple of the Damned
13:56 Nerubian Tower
15:39 Slaughterhouse
15:49 Sacrificial Pit
16:04 Slaughterhouse
» items
| Sacrificial Skull | 1 | |
| Dust of Appearance | 2 | |
| Rod of Necromancy | 1 | |
4 total
team 2 (loser)
badmotherfucker (
brown | 51 APM | 1059 actions | 20:34)
6 Blademaster
3 Wind Walk
2 Critical Strike
1 Bladestorm
» actions
| Assign group hotkey | 19 | |
| Build / train | 70 | |
| Enter build submenu | 19 | |
| Enter hero's abilities submenu | 6 | |
| Remove unit from queue | 1 | |
| Right click | 532 | |
| Select / deselect | 259 | |
| Select group hotkey | 40 | |
| Use ability | 112 | |
1059 total
» units
| Peon | 14 | |
| Grunt | 4 | |
| Raider | 7 | |
| Spirit Walker | 1 | |
| Troll Witch Doctor | 2 | |
| Troll Batrider | 1 | |
29 total
» upgrades
| Armor | 3 | |
| Ensnare | 1 | |
| Pillage | 1 | |
| Spirit Walker Training | 2 | |
| Berserker Strength | 1 | |
| Witch Doctor Training | 2 | |
| Spiked Barricades | 1 | |
| Melee Weapons | 1 | |
12 total
» buildings
| Altar of Storms | 1 | |
| Orc Burrow | 6 | |
| Barracks | 1 | |
| Voodoo Lounge | 1 | |
| Stronghold | 1 | |
| War Mill | 2 | |
| Beastiary | 2 | |
| Spirit Lodge | 1 | |
| Great Hall | 1 | |
| Fortress | 1 | |
| Watch Tower | 1 | |
18 total
» build order
00:07 Altar of Storms
00:10 Orc Burrow
00:47 Barracks
01:22 Orc Burrow
01:54 Voodoo Lounge
03:29 Stronghold
04:13 War Mill
05:52 Beastiary
06:40 Beastiary
06:51 Orc Burrow
07:13 Spirit Lodge
07:50 Orc Burrow
10:42 Great Hall
11:27 Fortress
12:05 Watch Tower
16:09 War Mill
16:51 Orc Burrow
17:57 Orc Burrow
» items
| Healing Salve | 5 | |
| Lesser Clarity Potion | 6 | |
| Scroll of Speed | 3 | |
| Potion of Healing | 3 | |
| Orb of Lightning | 1 | |
| Potion of Mana | 1 | |
19 total
Chat log
(11:25 / All) kodachi: soy medio subnormel
(11:31 / All) badmotherfucker: por k no huiste xD
(11:42 / All) badmotherfucker: es solo una batalla perdida
(15:23 / All) kodachi: cada vez juego peor a esto